 Dungeon Crawl Stone Soup version 0.29-a0-23-ga79f92ac9c (webtiles) character file.

Game seed: 7027496953821469545

822 bande the Covered (level 7, -8/44 HPs)
             Began as a Gargoyle Fighter on Jan 31, 2022.
             Was an Initiate of Okawaru.
             Killed from afar by an acid dragon (36 damage)
             ... with a splash of acid
             ... on level 5 of the Dungeon.
             The game lasted 00:13:36 (6699 turns).

bande the Covered (Gargoyle Fighter)                Turns: 6699, Time: 00:13:37

Health: -8/44      AC:  8    Str: 20    XL:     7   Next: 95%
Magic:  8/8        EV:  9    Int:  8    God:    Okawaru [......]
Gold:   732        SH: 10    Dex: 11    Spells: 6/6 levels left

rFire   . . .      SeeInvis .   u - +1 war axe (flame)
rCold   . . .      Faith    .   c - +1 buckler
rNeg    + . .      Spirit   .   b - +0 scale mail
rPois   ∞          Reflect  .   (no helmet)
rElec   +          Harm     .   (no cloak)
rCorr   .          Rampage  .   (no gloves)
Will    .....                   (no boots)
Stlth   ..........              (no amulet)
HPRegen 0.14/turn               (no ring)
MPRegen 0.11/turn               (no ring)

@: corroded
A: sickness immunity, AC +4, negative energy resistance 1, electricity
resistance, torment resistance 1, petrification resistance, large bone plates 1
a: Renounce Religion


You were on level 5 of the Dungeon.
You worshipped Okawaru.
Okawaru was noncommittal.
You visited 2 branches of the dungeon, and saw 6 of its levels.
You also visited: Sewer and Ossuary.

You collected 746 gold pieces.
You spent 14 gold pieces at shops.

Inventory:

Hand Weapons
 a - a +1 war axe of freezing
 q - a +1 flail of protection
 u - a +1 war axe of flaming (weapon)
Armour
 b - a +0 scale mail (worn)
 c - a +1 buckler (worn)
Jewellery
 g - a +6 ring of strength
 i - an amulet of the acrobat
Wands
 s - a wand of charming (10)
Scrolls
 e - a scroll of magic mapping
 f - 2 scrolls of blinking
 h - 2 scrolls of fear
 k - 3 scrolls of enchant weapon
 l - 5 scrolls of teleportation
 o - 2 scrolls of enchant armour
 t - 2 scrolls of identify
 v - a scroll of fog
 w - a scroll of brand weapon
Potions
 d - 2 potions of might
 j - a potion of resistance {unknown}
 m - 4 potions of mutation
 n - a potion of curing
 p - 8 potions of flight
 r - 2 potions of heal wounds {unknown}


   Skills:
 + Level 4.6 Fighting
 + Level 5.3 Axes
 + Level 5.5 Armour
 - Level 0.6 Dodging
 + Level 4.5 Shields
 * Level 1.7 Invocations
 * Level 1.3 Evocations


You had 6 spell levels left.
You didn't know any spells.
Your spell library contained the following spells:

 Spells                   Type           Power      Damage    Failure   Level
 Beastly Appendage        Tmut           0%         N/A       83%         1
 Magic Dart               Conj           0%         1d3       83%         1
 Blink                    Tloc           0%         N/A       92%         2
 Searing Ray              Conj           0%         2d4       92%         2
 Wereblood                Tmut           0%         N/A       92%         2
 Lesser Beckoning         Tloc           0%         N/A       99%         3
 Portal Projectile        Hex/Tloc       0%         N/A       99%         3
 Spider Form              Tmut/Pois      0%         N/A       99%         3
 Fulminant Prism          Conj/Hex       0%         3d6       100%        4
 Leda's Liquefaction      Hex/Erth       0%         N/A       100%        4
 Manifold Assault         Tloc           0%         N/A       100%        5
 Call Canine Familiar     Summ           Unusable   N/A       N/A         3

Dungeon Overview and Level Annotations

Branches:
Dungeon (5/15)             Temple (1/1) D:4           Sewer (visited)
Ossuary (visited)

Altars:
Ashenzari
Elyvilon
Nemelex Xobeh
Okawaru
Sif Muna
Trog
Vehumet
Wu Jian
Xom

Shops:
D:1 !


Innate Abilities, Weirdness & Mutations

You are immune to sickness and miasma.
Your stone body is resilient. (AC +4)
You are immune to poison.
You resist negative energy. (rN+)
You are resistant to electric shocks. (rElec)
You are resistant to unholy torment.
You are immune to petrification.
You are partially covered in large bone plates. (SH +4)


Message History

You drop a +0 morningstar.
You see here a +0 hand axe.
Items here: )))) ††.
l - 5 scrolls of teleportation (gained 1)
You now have 706 gold pieces (gained 7).
You now have 722 gold pieces (gained 16).
You now have 732 gold pieces (gained 10).
Found 12 gold pieces.
As you read the scroll labelled MIHYVUQONK, it crumbles to dust.
The scroll dissolves into smoke.
It was a scroll of fog.
Something appears at your feet!
u - a +1 war axe of flaming Your +1 war axe of freezing stops glowing.
Your +1 war axe of flaming bursts into flame!
u - a +1 war axe of flaming (weapon)
Found 17 stones.
An acid dragon comes into view.
Found a scroll of brand weapon.
The acid dragon roars!
Found a scroll of identify.
The acid dragon spits acid at you. The splash of acid hits you!!
Ouch! That really hurt!
The acid corrodes you!
You hear a bark!
You are too injured to fight recklessly!
You are too injured to fight recklessly!
You are too injured to fight recklessly!
You are too injured to fight recklessly!
You are too injured to fight recklessly!
You are too injured to fight recklessly!
You feel better. The acid dragon closely misses you.
The acid dragon barely misses you.
You closely miss the acid dragon. The acid dragon barely misses you.
The acid dragon claws you but does no damage.
You barely miss the acid dragon. You block the acid dragon's attack. x2
The acid dragon spits acid at you. The splash of acid hits you!!!
Ouch! That really hurt!
You die...

....# #..... ...(.
#....# .
....###....##..
#.............
#.............
#........##.
###..$......#
#.D.#.......?
###@###.....?##
#...#.....#.## #####
#.#.........#
#...###.#.......#.#
#)).....#......##.#
#)###...#......# #
#.# #..........#
####.#####.........#
#.......#..##.#..#..


You could see an acid dragon (catching breath).

Vanquished Creatures
  3 scorpions
  A howler monkey (D:4)
  A centaur zombie (Ossuary)
  A hound (D:4)
  2 jellies (D:4)
  A human zombie (Ossuary)
  An orc priest (D:4)
  Jessica (D:1)
  An iguana (D:4)
  A hound skeleton (D:4)
  3 mummies (Ossuary)
  3 gnolls (D:4)
  7 river rats (Sewer)
  9 adders
  2 ufetubi
  2 dart slugs (D:1)
  15 orcs
  8 ball pythons
  15 bats
  9 endoplasms
  8 giant cockroaches
  2 goblins
  10 hobgoblins
  9 jackals
  11 quokkas
  3 frilled lizards
  A gnoll zombie (Ossuary)
  A goblin zombie (Ossuary)
  3 hobgoblin zombies (Ossuary)
  2 kobolds (D:4)
  An orc zombie (Ossuary)
  4 rats
141 creatures vanquished.

Vanquished Creatures (others)
  2 demonic plants (D:1)
  8 fungi (D:4)
10 creatures vanquished.

Grand Total: 151 creatures vanquished

Notes
Turn   | Place    | Note
-------+----------+-------------------------------------------
     0 | D:1      | bande the Gargoyle Fighter began the quest for the Orb.
     0 | D:1      | Reached XP level 1. HP: 14/14 MP: 1/1
   377 | D:1      | Reached XP level 2. HP: 15/19 MP: 2/2
   509 | D:1      | Found Hekhliu's Distillery.
   517 | D:1      | Bought a potion of degeneration for 14 gold pieces
   557 | D:1      | Found a faded altar of an unknown god.
   557 | D:1      | Noticed an Ice Fiend
   671 | D:1      | Reached XP level 3. HP: 23/23 MP: 3/3
  1559 | D:2      | Noticed Jessica
  1574 | D:1      | Killed Jessica
  1575 | D:1      | Reached XP level 4. HP: 22/29 MP: 4/4
  3145 | D:4      | Noticed a scorpion
  3152 | D:4      | Reached XP level 5. HP: 20/33 MP: 5/5
  3162 | D:4      | Found a glowing drain.
  3192 | Sewer    | Entered a sewer
  3200 | Sewer    | Reached XP level 6. HP: 22/38 MP: 6/6
  4826 | D:4      | Identified a scroll of acquirement
  4826 | D:4      | Acquired 476 gold pieces
  4838 | D:4      | Gained mutation: You are partially covered in large bone
                  | plates. (SH +4) [potion of mutation]
  4937 | D:4      | Reached skill level 5 in Armour
  4937 | D:4      | Reached XP level 7. HP: 40/44 MP: 7/7
  5145 | D:4      | Found a staircase to the Ecumenical Temple.
  5163 | Temple   | Entered the Ecumenical Temple
  5326 | Temple   | Became a worshipper of Warmaster Okawaru
  5647 | D:4      | Reached skill level 5 in Axes
  5962 | D:4      | Found a shimmering blue altar of Sif Muna.
  6128 | D:5      | Entered Level 5 of the Dungeon
  6128 | D:5      | Found a sand-covered staircase.
  6135 | Ossuary  | Entered an ossuary
  6166 | Ossuary  | Reached skill level 1 in Invocations
  6304 | Ossuary  | Reached skill level 1 in Evocations
  6680 | D:5      | Acquired a +1 war axe of flaming
  6699 | D:5      | Killed from afar by an acid dragon

Illustrated notes

Levels and vault maps discovered:
D:1:      psy_arrival_whirlpool, layout_basic, serial_shops, shop,
          dreamdust_ecumenical_altar_sealed_demon
D:2:      layout_basic, kennysheep_cluttered_room, uniq_jessica
D:3:      layout_basic
D:4:      minmay_evil_eye, layout_basic, mainiacjoe_overflow_alcove_4,
          minmay_temple_entry_enclosed_plants, gup_sewer_entry_glass
D:5:      layout_rooms, nicolae_ossuary_entry_ruins, serial_glass,
          glass_columns_a, glass_columns_a, hellmonk_ghost_happy_afterlife,
          uniq_ijyb
Temple:   mainiacjoe_temple_trianglar_array

Skill      XL: |  1  2  3  4  5  6  7 |
---------------+----------------------+-----
Axes           | 2 3 4 5 |  5.3
Armour         | 4 5 |  5.5
Fighting       | 4 |  4.6
Shields        | 4 |  4.5
Invocations    | 1 |  1.7
Evocations     | 1 |  1.3
Dodging        | |  0.6

Action                   |  1- 3 |  4- 6 |  7- 9 || total
-------------------------+-------+-------+-------++-------
Melee: War axe           |    91 |   198 |   111 ||   400
  Use: Scroll            |     3 |     9 |     3 ||    15
       Potion            |       |     3 |     1 ||     4
Armor: Scale mail        |    65 |   160 |    36 ||   261
Dodge: Dodged            |    47 |   134 |    39 ||   220
Block: Buckler           |    19 |    75 |    54 ||   148

Table legend: (Time is in decaauts)
 A = Elapsed time spent in this place.
 B = Non-inter-level travel time spent in this place.
 C = Inter-level travel time spent in this place.
 D = Time resting spent in this place.
 E = Time spent auto-exploring this place.
 F = Levels seen in this place.
 G = Mean time per level.
                   A        B        C        D        E       F      G
               +--------+--------+--------+--------+--------+-----+--------+
         Total |   7008 |   6982 |     26 |   2032 |   3559 |   8 |  876.0 |
       Dungeon |   5092 |   5066 |     26 |   1591 |   2574 |   5 | 1018.4 |
        Temple |    188 |    188 |      0 |      0 |    145 |   1 |  188.0 |
         Sewer |   1346 |   1346 |      0 |    441 |    634 |   1 | 1346.0 |
       Ossuary |    381 |    381 |      0 |      0 |    205 |   1 |  381.0 |
               +--------+--------+--------+--------+--------+-----+--------+

Top non-repeatable levels by time:
     D:4: 1696 daAuts
     D:1: 1594 daAuts
   Sewer: 1346 daAuts
     D:2: 1047 daAuts
     D:3: 549 daAuts
 Ossuary: 381 daAuts
     D:5: 205 daAuts
  Temple: 188 daAuts
